 Dungeon Crawl Stone Soup version 0.19-a0-706-g03de5d9 (webtiles) character file.

567 Duffy the Chopper (level 7, 35/61 HPs)
             Began as a Deep Dwarf Monk on June 19, 2016.
             Quit the game on level 6 of the Dungeon.
             The game lasted 00:03:30 (1604 turns).

Duffy the Chopper (Deep Dwarf Monk)                 Turns: 1604, Time: 00:03:31

Health: 35/61      AC: 10    Str: 14    XL:     7   Next: 11%
Magic:  6/6        EV:  7    Int: 11    God:
Gold:   107        SH:  0    Dex: 17    Spells: 0 memorised, 6 levels left

rFire  . . .     SeeInvis .     a - +0 hand axe
rCold  . . .     Gourm    .     p - +0 chain mail
rNeg   . . .     Faith    .     (no shield)
rPois  .         Spirit   .     (no helmet)
rElec  .         Dismiss  .     (no cloak)
rCorr  .         Reflect  .     (no gloves)
SustAt .         Harm     .     k - +0 pair of boots
MR     +....                    (no amulet)
Stlth  ..........               (no ring)
                                o - ring of wizardry

@: non-regenerating, somewhat resistant to hostile enchantments, extremely
unstealthy
A: damage resistance, recharge devices, sense surroundings 1, slow regeneration
3
a: Device Recharging


You were on level 6 of the Dungeon.
You were not hungry.

You visited 1 branch of the dungeon, and saw 6 of its levels.

You collected 107 gold pieces.


Innate Abilities, Weirdness & Mutations

You are resistant to damage.
You can recharge devices by infusing magical energy.
You passively map a small area around you.
You do not regenerate naturally.


   Skills:
 - Level 2.6 Fighting
 + Level 7.8 Axes
 + Level 4.2 Armour
 - Level 3.2 Dodging
 - Level 2.4 Stealth


You had 6 spell levels left.
You didn't know any spells.

Inventory:

Hand Weapons
 a - a +0 hand axe (weapon)
Armour
 k - a +0 pair of boots (worn)
 p - a +0 chain mail (worn)
Jewellery
 o - a ring of wizardry (left hand)
Wands
 c - a wand of heal wounds (3/9)
 i - a wand of lightning (5/15)
Scrolls
 e - 3 scrolls of identify
 g - a scroll of noise {unknown}
 j - a scroll of enchant weapon {unknown}
 l - a scroll of blinking {unknown}
 n - a scroll of magic mapping {unknown}
Books
 q - a book of Callings
Comestibles
 b - a chunk of flesh
 d - 6 bread rations
 f - 3 fruits
 h - a beef jerky
 m - a meat ration

Dungeon Overview and Level Annotations

Branches:
Dungeon (6/15)
 Temple: D:4-7

Altars:
Cheibriados


Message History

The scorpion stings you but does no damage.
You hit the scorpion but do no damage.
The scorpion is almost dead.
The scorpion stings you.
You hit the scorpion but do no damage.
The scorpion is almost dead.
The scorpion barely misses you.
You hit the scorpion but do no damage.
The scorpion is almost dead.
The scorpion stings you but does no damage.
You closely miss the scorpion.
The scorpion is almost dead.
The scorpion stings you but does no damage.
You barely miss the scorpion.
The scorpion is almost dead.
The scorpion barely misses you.
You hit the scorpion.
You kill the scorpion!
Evoke which item? (* to show all) (? for menu, Esc to quit)
Zapping:
c - a wand of heal wounds (4/9)
Press: ? - help, Shift-Dir - straight line, f - you You feel much better.
This wand has 3 charges left.
Found a viscous white potion.
There is a stone staircase leading down here.
You climb downwards.
Found 26 arrows.
There is a stone staircase leading up here.
Eating one of 4 chunks of flesh.
This raw flesh tastes terrible.
You continue eating. x2
You open the door.
There is an open door here.
Some of the chunks of flesh in your inventory have rotted away.
You are no longer poisoned.
You open the door.
There is an open door here.
Found 21 poisoned needles.
You see here 21 poisoned needles.
q - a book of Callings You open the door.
A worm comes into view.
Found a snail-covered altar of Cheibriados.
No reachable target in view!
No reachable target in view!
No reachable target in view!
No reachable target in view!
There is an open door here.
You enter the shallow water.
Moving in this stuff is going to be slow.
There is an open door here.
Are you sure you want to abandon this character and quit the game? (Confirm with "yes".)

### #.# ~ ## #.#..##.# , ..# #.#
~~~ #.#.....## # * #.# #.# ~ #~#
~#........# #. #.# #.## #.##
##.#...##.# #.# #.# #..#~ ._.
~#..#...##.#
##..##.###.##~##w##~##.....##.#
.......##..#~~~###~~~#....###.##
........'..#~~~~~~~~~#.........#
......(##..#}~~#@#~~}#....####.#
.##.##.###.#####.#####.....# #.#
, #, #.# #.............#.#.###.#
*#<# ###.....#######.......#
*#.# ##'#### ###.##### * #.# #.#
#.# ..######.######## #(# *
,................### #.# *
########...###.....# #.#


You could see a worm.

Action                   |  1- 3 |  4- 6 |  7- 9 || total
-------------------------+-------+-------+-------++-------
Melee: Hand axe          |   132 |   172 |    18 ||   322
 Abil: Device Recharging |       |     1 |       ||     1
Evoke: Wand              |       |     5 |     1 ||     6
  Use: Scroll            |     1 |       |       ||     1
       Potion            |     1 |       |       ||     1
 Stab: Sleeping          |     5 |     1 |       ||     6
       Distracted        |     1 |       |       ||     1
  Eat: Chunk             |       |     2 |     1 ||     3
Armor: Robe              |     3 |       |       ||     3
       Leather armour    |    18 |    14 |       ||    32
       Chain mail        |       |    61 |     8 ||    69
Dodge: Dodged            |    79 |    81 |     3 ||   163

Notes
Turn   | Place    | Note
--------------------------------------------------------------
     0 | D:1      | Duffy the Deep Dwarf Monk began the quest for the Orb.
     0 | D:1      | Reached XP level 1. HP: 20/20 MP: 1/1
   156 | D:1      | Reached skill level 4 in Axes
   156 | D:1      | Reached XP level 2. HP: 22/27 MP: 2/2
   489 | D:1      | Reached XP level 3. HP: 13/33 MP: 3/3
   811 | D:2      | Reached skill level 5 in Axes
   856 | D:2      | Reached XP level 4. HP: 31/40 MP: 4/4
  1054 | D:3      | Reached skill level 6 in Axes
  1087 | D:3      | Reached XP level 5. HP: 27/46 MP: 5/5
  1248 | D:4      | Noticed Natasha
  1264 | D:4      | Killed Natasha
  1264 | D:4      | Reached skill level 1 in Armour
  1272 | D:4      | Reached skill level 2 in Armour
  1305 | D:4      | Noticed Sigmund
  1356 | D:4      | Killed Sigmund
  1356 | D:4      | Reached skill level 7 in Axes
  1356 | D:4      | Reached skill level 3 in Armour
  1356 | D:4      | Reached XP level 6. HP: 25/55 MP: 6/6
  1462 | D:5      | Entered Level 5 of the Dungeon
  1466 | D:5      | Noticed Menkaure
  1474 | D:5      | Killed Menkaure
  1474 | D:5      | Reached skill level 4 in Armour
  1474 | D:5      | Reached XP level 7. HP: 27/61 MP: 6/6
  1600 | D:6      | Found a snail-covered altar of Cheibriados.
  1604 | D:6      | Quit the game

Skill      XL: |  1  2  3  4  5  6 |
---------------+-------------------+-----
Axes           | 4 5 6 7 |  7.8
Armour         | 3 4 |  4.2
Fighting       | |  2.6
Dodging        | |  3.2
Stealth        | |  2.4

Vault maps used:
D:1:      onia_arrival_mini_spirals
D:3:      grunt_decor_clamped
D:4:      first_bread, uniq_natasha, uniq_sigmund
D:5:      wad_lake_hut, uniq_menkaure
D:6:      grunt_temple_overflow_diamond, cheibrodos_worm_habitat,
          marbit_many_paths

Vanquished Creatures
  Sigmund Menkaure
  A scorpion
  An orc priest Natasha
  A worker ant
  A hound skeleton
  7 adders
  2 worms
  3 giant geckos
  4 orcs
  A bat
  5 giant cockroaches
  5 goblins
  12 hobgoblins
  11 jackals
  5 kobolds
  2 ball pythons
  4 giant newts
  2 rats
70 creatures vanquished.
